 Dungeon Sprint DCSS version 0.26-a0-1132-ge9770dfcb6 (webtiles) character file.

Game seed: 14991934836678411268

6045 rocky1 the Frost Mage (level 10, -21/56 HPs)
             Began as a Deep Elf Ice Elementalist on Dec 21, 2020.
             Was a High Priest of Sif Muna.
             Killed from afar by an efreet (24 damage)
             ... with a bolt of fire
             ... in the Dungeon (Sprint VII: "The Pits").
             The game lasted 00:18:49 (2319 turns).

rocky1 the Frost Mage (Deep Elf Ice Elementalist)   Turns: 2319, Time: 00:18:50

Health: -21/56     AC:  3    Str:  5    XL:     10   Next: 57%
Magic:  29/29      EV: 19    Int: 27    God:    Sif Muna [*****.]
Gold:   0          SH:  0    Dex: 18    Spells: 14/36 levels left

rFire    . . .     SeeInvis .   m - +0 quarterstaff (protect)
rCold    . . .     Faith    .   (shield currently unavailable)
rNeg     . . .     Spirit   .   a - +0 robe
rPois    .         Reflect  .   (no helmet)
rElec    .         Harm     .   (no cloak)
rCorr    .         Rampage  .   r - +0 pair of gloves
Will     +....     NoTele   +   (no boots)
Stlth    ++++......             (no amulet)
HPRegen  0.18/turn              l - +3 ring of dexterity
MPRegen  0.21/turn              n - +3 ring of intelligence

@: no status effects
A: no striking features
a: Renounce Religion, Channel Magic, Forget Spell, Divine Exegesis


You were in the Dungeon.
You worshipped Sif Muna.
Sif Muna was extremely pleased with you.
You visited 1 branch

Inventory:

Hand Weapons
 m - a +0 quarterstaff of protection (weapon)
 q - a +0 lajatang
Armour
 a - a +0 robe (worn)
 r - a +0 pair of gloves (worn)
Jewellery
 l - a +3 ring of dexterity (left hand)
 n - a +3 ring of intelligence (right hand)
Scrolls
 i - 3 scrolls of remove curse
 j - 5 scrolls of amnesia
 k - a scroll of summoning
Potions
 b - 2 potions of invisibility
 c - 8 potions of curing
 d - 7 potions of heal wounds
 e - a potion of haste
 f - 4 potions of magic
 g - 2 potions of berserk rage
 o - 3 potions of might
 p - a potion of resistance


   Skills:
 - Level 3.7 Fighting
 - Level 4.5 Staves
 - Level 2.4 Armour
 - Level 9.6 Dodging
 - Level 6.6 Stealth
 + Level 13.5 Spellcasting
 + Level 10.9 Conjurations
 + Level 13.6 Ice Magic
 + Level 7.8 Earth Magic
 + Level 11.4 Invocations


You had 14 spell levels left.
You knew the following spells:

 Your Spells              Type           Power        Failure   Level
a - Freeze                Ice            100%         0%          1
b - Frozen Ramparts       Ice            100%         1%          3
c - Ozocubu's Armour      Ice            75%          1%          3
d - Hailstorm             Conj/Ice       71%          1%          4
e - Iron Shot             Conj/Erth      31%          10%         6
f - Lee's Rapid Deconstr  Erth           28%          3%          5

Your spell library contained the following spells:

 Spells                   Type           Power        Failure   Level
 Sandblast                Erth           100%         1%          1
 Ensorcelled Hibernation  Hex/Ice        100%         1%          2
 Passwall                 Tmut/Erth      32%          1%          2
 Searing Ray              Conj           100%         1%          2
 Stone Arrow              Conj/Erth      100%         1%          3
 Ice Form                 Ice/Tmut       53%          1%          4
 Summon Ice Beast         Ice/Summ       53%          1%          4
 Fulminant Prism          Conj/Hex       23%          3%          4
 Corpse Rot               Necr/Air       N/A          4%          2
 Swiftness                Air            18%          4%          2
 Petrify                  Tmut/Erth      39%          6%          4
 Summon Guardian Golem    Hex/Summ       18%          9%          3
 Olgreb's Toxic Radiance  Pois           18%          30%         4
 Passage of Golubria      Tloc           N/A          30%         4
 Summon Lightning Spire   Summ/Air       18%          30%         4
 Haunt                    Necr/Summ      9%           100%        7
 Dragon's Call            Summ           9%           100%        9


Dungeon Overview and Level Annotations

Branches:
Dungeon (1/1)

Altars:
Ashenzari
Cheibriados
Dithmenos
Elyvilon
Fedhas
Gozag
Hepliaklqana
Kikubaaqudgha
Makhleb
Nemelex Xobeh
Okawaru
Qazlal
Ru
Sif Muna
Trog
Uskayaw
Vehumet
Wu Jian
Xom
Yredelemnul
Zin
The Shining One
Beogh
Jiyva
Lugonu

Annotations:
D Urug


Message History

The blast of metal fragments hits the ice devil!!
You kill the ice devil!
Sif Muna accepts your kill.
You start resting.
Magic restored.
You start waiting.
Done waiting.
There is an open door here.
You open the door.
A swamp drake, an efreet and Urug come into view.
The efreet is wielding a +1 scimitar of flaming.
Urug is wielding a +2 vorpal broad axe and quivering 5 silver javelins.
Urug shouts!
The efreet gestures at you. The bolt of fire hits you!!
Urug throws a silver javelin.
The silver javelin pierces through you!!
* * * LOW HITPOINT WARNING * * *
x2 The efreet gestures at you.
The bolt of fire hits you!!
You die...

........+ ........+
.#......# ........#
#''###### #''# #####
########
#..###...###..'.(.#
#...##)..##..##...#
##รท..##'##..###.@.+
##).........##...#
##..###'###...##'##
#..##.....##..#R..
#..'.......'..+.o.+
#..##.....##..#.k.#
##..###(###...##+##
##..........##
#...##'##..##


You could see Urug, an efreet and a swamp drake (wandering).

Vanquished Creatures
  A great orb of eyes (D)
  A sea snake (D)
  A cyclops (D)
  An elephant (D)
  A smoke demon (D)
  A komodo dragon (D)
  An efreet (D)
  An ice devil (D)
  A hornet (D)
  A tyrant leech (D)
  A blink frog (D)
  4 dream sheep (D)
  A redback (D)
  2 spriggans (D)
  A fire bat (D)
  4 vampire mosquitoes (D)
  2 floating eyes (D)
  A phantom (D)
  A centaur (D)
  A wolf (D)
  Blork the orc (D)
  2 scorpions (D)
  An iron imp (D)
  An iguana (D)
  A worker ant (D)
  A gnoll (D)
  2 adders (D)
  A river rat (D)
  A worm (D)
  A ball python (D)
  2 bat zombies (D)
  2 jackals (D)
  4 kobolds (D)
48 creatures vanquished.

Notes
Turn   | Place    | Note
-------+----------+-------------------------------------------
     0 | D        | rocky1 the Deep Elf Ice Elementalist began the quest for
                  | the Orb.
     0 | D        | Reached XP level 1. HP: 10/10 MP: 6/6
    15 | D        | Reached skill level 5 in Ice Magic
    44 | D        | Found a bloodstained altar of Trog.
    44 | D        | Found a shimmering blue altar of Sif Muna.
    44 | D        | Found a viscous altar of Jiyva.
    44 | D        | Found a hazy altar of Hepliaklqana.
    44 | D        | Found an opulent altar of Gozag.
    45 | D        | Found a glowing golden altar of the Shining One.
    45 | D        | Found a glowing silver altar of Zin.
    45 | D        | Found a basalt altar of Yredelemnul.
    45 | D        | Found a shimmering altar of Xom.
    45 | D        | Found an ornate altar of the Wu Jian Council.
    45 | D        | Found a sacrificial altar of Ru.
    45 | D        | Found a stormy altar of Qazlal.
    45 | D        | Found an iron altar of Okawaru.
    45 | D        | Found a sparkling altar of Nemelex Xobeh.
    45 | D        | Found a burning altar of Makhleb.
    45 | D        | Found a blossoming altar of Fedhas.
    45 | D        | Found a white marble altar of Elyvilon.
    45 | D        | Found a shadowy altar of Dithmenos.
    45 | D        | Found a snail-covered altar of Cheibriados.
    48 | D        | Found a corrupted altar of Lugonu.
    48 | D        | Found a radiant altar of Vehumet.
    48 | D        | Found a roughly hewn altar of Beogh.
    49 | D        | Found an ancient bone altar of Kikubaaqudgha.
    49 | D        | Found a hide-covered altar of Uskayaw.
    49 | D        | Found a broken altar of Ashenzari.
    50 | D        | Became a worshipper of Sif Muna the Loreminder
    70 | D        | Reached XP level 2. HP: 4/15 MP: 2/8
   167 | D        | Reached * piety under Sif Muna
   171 | D        | Reached XP level 3. HP: 5/19 MP: 2/9
   476 | D        | Learned a level 3 spell: Frozen Ramparts
   480 | D        | Learned a level 3 spell: Ozocubu's Armour
   489 | D        | Reached ** piety under Sif Muna
   492 | D        | Noticed a floating eye
   496 | D        | Paralysed by a floating eye for 3 turns
   503 | D        | Paralysed by a floating eye for 2 turns
   506 | D        | Killed a floating eye
   507 | D        | Reached XP level 4. HP: 23/26 MP: 9/12
   507 | D        | Reached XP level 5. HP: 27/30 MP: 10/14
   555 | D        | Learned a level 4 spell: Hailstorm
   562 | D        | Reached skill level 5 in Stealth
   562 | D        | Reached skill level 5 in Spellcasting
   615 | D        | Noticed Blork the orc
   620 | D        | Noticed a floating eye
   623 | D        | Noticed a phantom
   627 | D        | Reached *** piety under Sif Muna
   678 | D        | Killed a phantom
   679 | D        | Reached skill level 1 in Armour
   679 | D        | Reached skill level 5 in Dodging
   679 | D        | Reached skill level 1 in Conjurations
   847 | D        | Reached XP level 6. HP: 37/37 MP: 9/17
   849 | D        | Killed Blork the orc
   849 | D        | Reached **** piety under Sif Muna
   849 | D        | Killed a floating eye
   942 | D        | Reached skill level 5 in Invocations
   942 | D        | Reached XP level 7. HP: 34/42 MP: 11/19
   944 | D        | Noticed a blink frog
   949 | D        | Killed a blink frog
   950 | D        | Reached skill level 10 in Ice Magic
  1052 | D        | Noticed a fire bat
  1055 | D        | Reached ***** piety under Sif Muna
  1055 | D        | Identified Ewnelen's Disquisition on Captivating
                  | Confrontation (Sif Muna gifted it to you in the Dungeon)
  1055 | D        | Received a gift from Sif Muna
  1056 | D        | Reached skill level 5 in Conjurations
  1056 | D        | Killed a fire bat
  1142 | D        | Noticed a hornet
  1142 | D        | Noticed a great orb of eyes
  1147 | D        | Paralysed by a great orb of eyes for 7 turns
  1148 | D        | Killed a hornet
  1149 | D        | Reached XP level 8. HP: 48/48 MP: 4/23
  1152 | D        | Killed a great orb of eyes
  1153 | D        | Reached skill level 10 in Spellcasting
  1456 | D        | Learned a level 6 spell: Iron Shot
  1464 | D        | Noticed an efreet
  1464 | D        | Noticed a komodo dragon
  1468 | D        | Reached skill level 1 in Earth Magic
  1468 | D        | Reached XP level 9. HP: 27/52 MP: 14/25
  1469 | D        | Killed an efreet
  1470 | D        | Identified Sif Muna's Volume of Cloudy Creation (Sif Muna
                  | gifted it to you in the Dungeon)
  1470 | D        | Received a gift from Sif Muna
  1471 | D        | Killed a komodo dragon
  1622 | D        | Noticed a tyrant leech
  1625 | D        | Noticed an elephant
  1627 | D        | Identified Sif Muna's Foundations of Hermeneutics (Sif Muna
                  | gifted it to you in the Dungeon)
  1627 | D        | Received a gift from Sif Muna
  1630 | D        | Killed a tyrant leech
  1631 | D        | Reached skill level 5 in Earth Magic
  1631 | D        | Reached skill level 10 in Invocations
  1633 | D        | Killed an elephant
  1634 | D        | Reached XP level 10. HP: 56/56 MP: 23/28
  1680 | D        | Noticed a sea snake
  1690 | D        | Killed a sea snake
  1691 | D        | Reached skill level 10 in Conjurations
  1723 | D        | Received a gift from Sif Muna
  1736 | D        | Learned a level 5 spell: Lee's Rapid Deconstruction
  1761 | D        | Noticed a cyclops
  1771 | D        | Killed a cyclops
  1948 | D        | Noticed a smoke demon
  1950 | D        | Killed a smoke demon
  2318 | D        | Noticed Urug
  2319 | D        | Killed from afar by an efreet

Illustrated notes

Levels and vault maps discovered:
D:        pitsprint [storerooms_1, entrance_room_1, metal_vault_5, armoury_1,
          mini_pit_1, grid_room_1, main_hall_1, silver_pit, the_coven_2,
          the_vestibule_1, steel_vault_2, golden_pit, hallway_of_sentries,
          crystal_vault_1, iron_vault_1, final_vault]

Skill      XL: |  1  2  3  4  5  6  7  8  9 10 |
---------------+-------------------------------+-----
Ice Magic      | 6 8 9 10 11 12 13 | 13.6
Fighting       | 2 3 |  3.7
Staves         | 2 3 4 |  4.5
Dodging        | 4 5 6 8 9 |  9.6
Stealth        | 4 5 6 |  6.6
Spellcasting   | 4 6 7 9 10 12 13 | 13.5
Invocations    | 2 4 5 7 8 10 11 | 11.4
Armour         | 1 2 |  2.4
Conjurations   | 2 3 6 7 9 10 | 10.9
Earth Magic    | 1 6 7 |  7.8

Action                   |  1- 3 |  4- 6 |  7- 9 | 10-12 || total
-------------------------+-------+-------+-------+-------++-------
Melee: Quarterstaff      |    12 |    29 |       |     6 ||    47
 Cast: Freeze            |    13 |     3 |     2 |       ||    18
       Frozen Ramparts   |       |     5 |     6 |     4 ||    15
       Ozocubu's Armour  |       |     3 |     5 |     2 ||    10
       Hailstorm         |       |     1 |    14 |     1 ||    16
       Lee's Rapid Decon |       |       |       |     7 ||     7
Invok: Channel Magic     |       |       |     1 |       ||     1
  Use: Potion            |     1 |     2 |       |       ||     3
       Scroll            |       |       |     1 |       ||     1
Armor: Robe              |     7 |    11 |     5 |     2 ||    25
Dodge: Dodged            |    21 |    17 |    11 |     5 ||    54

Table legend: (Time is in decaauts)
 A = Elapsed time spent in this place.
 B = Non-inter-level travel time spent in this place.
 C = Inter-level travel time spent in this place.
 D = Time resting spent in this place.
 E = Time spent auto-exploring this place.
 F = Levels seen in this place.
 G = Mean time per level.
                   A        B        C        D        E       F      G
               +--------+--------+--------+--------+--------+-----+--------+
         Total |   2331 |   2331 |      0 |   1726 |      0 |   1 | 2331.0 |
       Dungeon |   2331 |   2331 |      0 |   1726 |      0 |   1 | 2331.0 |
               +--------+--------+--------+--------+--------+-----+--------+

Top non-repeatable levels by time:
       D: 2331 daAuts
